 Dungeon Crawl Stone Soup version 0.27.1-34-g3ba077fa99 (webtiles) character file.

Game seed: 5260263723555429375

3196 EWolf27 the Covert (level 9, -9/63 HPs)
             Began as a Vampire Enchanter on Jan 9, 2022.
             Was a Follower of Makhleb.
             Mangled by an eight-headed hydra (15 damage)
             ... on level 7 of the Dungeon on Jan 10, 2022.
             The game lasted 01:03:19 (11366 turns).

EWolf27 the Covert (Vampire Enchanter)             Turns: 11366, Time: 01:03:20

Health: -9/63      AC:  4    Str:  9    XL:     9   Next: 64%
Magic:  17/18      EV: 17    Int: 24    God:    Makhleb [*.....]
Gold:   413        SH:  0    Dex: 15    Spells: 11/21 levels left

rFire    . . .     SeeInvis +   a - +1 dagger (venom)
rCold    . . .     Faith    .   (no shield)
rNeg     . . .     Spirit   .   b - +0 robe
rPois    .         Reflect  .   k - +1 hat
rElec    .         Harm     .   (no cloak)
rCorr    .         Rampage  .   u - +0 pair of gloves
Will     .....                  (no boots)
Stlth    +++++.....             (no amulet)
HPRegen  0.40/turn              c - +6 ring of intelligence
MPRegen  0.16/turn              s - +4 ring of evasion

@: healing quickly
A: alive, fangs 3, see invisible, vampiric 2
a: Exsanguinate, Renounce Religion


You were on level 7 of the Dungeon.
You worshipped Makhleb.
Makhleb was aware of your devotion.
You visited 2 branches of the dungeon, and saw 9 of its levels.

You collected 413 gold pieces.

Inventory:

Hand Weapons
 a - a +1 dagger of venom (weapon)
Missiles
 p - a throwing net
 t - 28 poisoned darts (quivered)
Armour
 b - a +0 robe (worn)
 k - a +1 hat (worn)
 u - a +0 pair of gloves (worn)
Jewellery
 c - a +6 ring of intelligence (left hand)
 o - a ring of flight
 s - a +4 ring of evasion (right hand)
Scrolls
 e - a scroll of amnesia {unknown}
 f - a scroll of fear {unknown}
 h - 2 scrolls of noise {unknown}
 j - a scroll of identify
 l - a scroll of teleportation
 m - a scroll of magic mapping {unknown}
 n - a scroll of fog {unknown}
Potions
 d - a potion of might
 g - a potion of magic {unknown}
 i - 2 potions of curing {unknown}
 q - 2 potions of berserk rage
 r - a potion of ambrosia {unknown}


   Skills:
 - Level 3.0 Fighting
 - Level 1.1 Short Blades
 - Level 3.0 Dodging
 + Level 11.8 Stealth
 + Level 6.5 Spellcasting
 + Level 11.0 Hexes
 - Level 4.0 Ice Magic


You had 11 spell levels left.
You knew the following spells:

 Your Spells              Type           Power      Damage    Failure   Level
a - Corona                Hex            63%        N/A       1%          1
b - Ensorcelled Hibernat  Hex/Ice        88%        N/A       1%          2
c - Confusing Touch       Hex            57%        N/A       1%          3
d - Tukima's Dance        Hex            57%        N/A       1%          3
e - Magic Dart            Conj           28%        1d4       8%          1

Your spell library contained the following spells:

 Spells                   Type           Power      Damage    Failure   Level
 Dazzling Flash           Conj/Hex       68%        N/A       2%          3
 Sting                    Tmut/Pois      28%        1d4       8%          1
 Fulminant Prism          Conj/Hex       17%        3d11      8%          4
 Blink                    Tloc           N/A        N/A       12%         2
 Poisonous Vapours        Pois/Air       14%        N/A       12%         2
 Searing Ray              Conj           14%        3d3       12%         2
 Lesser Beckoning         Tloc           3%         N/A       22%         3
 Iskenderun's Mystic Bla  Conj/Tloc      7%         2d4       58%         4
 Olgreb's Toxic Radiance  Pois           7%         N/A       58%         4
 Alistair's Intoxication  Tmut/Pois      4%         N/A       91%         5
 Borgnjor's Vile Clutch   Necr/Erth      3%         N/A       91%         5
 Fireball                 Conj/Fire      3%         3d4       91%         5
 Manifold Assault         Tloc           7%         N/A       91%         5
 Eringya's Noxious Bog    Tmut/Pois      3%         N/A       100%        6
 Starburst                Conj/Fire      3%         6d3       100%        6
 Ignition                 Fire           3%         3d4       100%        8


Dungeon Overview and Level Annotations

Branches:
Dungeon (8/15)             Temple (1/1) D:6
   Lair: D:8-11

Altars:
Ashenzari
Cheibriados
Dithmenos
Fedhas
Gozag
Hepliaklqana
Makhleb
Nemelex Xobeh
Okawaru
Qazlal
Sif Muna
Uskayaw
Vehumet
Wu Jian
Xom
Yredelemnul
The Shining One

Annotations:
D:6 exclusion: downstairs


Innate Abilities, Weirdness & Mutations

Your natural rate of healing is accelerated.
You have razor-sharp teeth.
You have supernaturally acute eyesight. (SInv)
You are afflicted with vampirism and can become a bat while bloodless.


Message History

Aim: an eight-headed hydra (chance to affect: 34%)
The eight-headed hydra looks drowsy...
A boulder beetle comes into view.
An orc comes into view. It is wielding a +0 trident.
The orc moves out of view.
The helpless eight-headed hydra fails to defend itself.
You spit the eight-headed hydra like a pig!!!
The eight-headed hydra is severely wounded.
The eight-headed hydra bites you. x3; The eight-headed hydra bites you! x2
* * * LOW HITPOINT WARNING * * *
The eight-headed hydra completely misses you.
The eight-headed hydra bites you but does no damage.
The eight-headed hydra bites you!
* * * LOW HITPOINT WARNING * * *
Casting: Ensorcelled Hibernation (safe; 1% risk of failure)
Confirm with . or Enter, or press ? or * to list all spells.
Aiming: Ensorcelled Hibernation (safe; 1% risk of failure)
Press: ? - help, Shift-Dir - straight line, f - you, p - eight-headed hydra
Okay, then.
You see here a pink potion.
Casting: Ensorcelled Hibernation (safe; 1% risk of failure)
Confirm with . or Enter, or press ? or * to list all spells.
Aiming: Ensorcelled Hibernation (safe; 1% risk of failure)
Press: ? - help, Shift-Dir - straight line, f/p - eight-headed hydra
Aim: an eight-headed hydra (lightly wounded, chance to affect: 34%)
The eight-headed hydra easily resists.
The eight-headed hydra misses you.
The eight-headed hydra bites you but does no damage.
The eight-headed hydra bites you!
* * * LOW HITPOINT WARNING * * *
The eight-headed hydra bites you.
* * * LOW HITPOINT WARNING * * *
The eight-headed hydra closely misses you.
The eight-headed hydra misses you.
The eight-headed hydra completely misses you.
The eight-headed hydra bites you.
* * * LOW HITPOINT WARNING * * *
Okay, then.
The eight-headed hydra bites you but does no damage.
The eight-headed hydra bites you!
You die...

##..#.###...###.# #.#
.####.###...###.### #.#
..รท.....).........######>#
..###.###...###(.........#
#.#....).<..# #...########
#).#..###...# #...#
#.###.###...# #...# .##
##......###)..#
..###.####=.....@.#
...#..####)####.#D#
.........[.####.#.#
........<.......#.#
......###########.#
#.#.#.###########.#
#.#.#.......!.....#
....############### #.#.#


You could see an eight-headed hydra.

Vanquished Creatures
  2 steam dragons (D:7)
  2 orc warriors
  2 ice beasts
  2 black bears (D:6)
  3 centaurs
  3 ogres
  3 phantoms
  A kobold brigand (D:7)
  4 scorpions
  A water moccasin zombie (D:5)
  2 water moccasin skeletons
  2 wights (D:6)
  5 howler monkeys (D:7)
  2 jellies (D:7)
  A bullfrog zombie (D:5)
  2 hounds
  2 orc priests
  6 iguanas
  7 orc wizards
  A killer bee zombie (D:7)
  A hound zombie (D:5)
  A howler monkey skeleton (D:5)
  6 gnolls
  10 adders
  A shadow imp (D:4)
  A white imp (D:6)
  A worm (D:5)
  5 dart slugs
  22 orcs
  16 ball pythons
  3 endoplasms
  3 giant cockroaches
  11 goblins
  10 hobgoblins
  4 quokkas
  12 bats
  2 frilled lizards
  4 kobolds
  5 rats
171 creatures vanquished.

Vanquished Creatures (collateral kills)
  3 wights (D:6)
  2 orc priests
  2 orc wizards
  A gnoll (D:3)
  3 orcs
11 creatures vanquished.

Vanquished Creatures (others)
  3 dancing weapons
  5 fungi (D:7)
  11 plants
19 creatures vanquished.

Grand Total: 201 creatures vanquished

Notes
Turn   | Place    | Note
-------+----------+-------------------------------------------
     0 | D:1      | EWolf27 the Vampire Enchanter began the quest for the Orb.
     0 | D:1      | Reached XP level 1. HP: 13/13 MP: 3/3
   258 | D:1      | Reached XP level 2. HP: 11/19 MP: 5/5
   292 | D:1      | Learned a level 2 spell: Ensorcelled Hibernation
   561 | D:1      | Reached skill level 5 in Stealth
   682 | D:1      | Reached skill level 5 in Hexes
  1182 | D:2      | Found a faded altar of an unknown god.
  1264 | D:2      | Gained mutation: You are afflicted with vampirism and can
                  | become a bat while bloodless. [Vampire growth]
  1264 | D:2      | Reached XP level 3. HP: 18/24 MP: 1/6
  1556 | D:2      | Learned a level 3 spell: Confusing Touch
  1997 | D:2      | Reached XP level 4. HP: 30/30 MP: 7/7
  3492 | D:3      | Reached XP level 5. HP: 35/35 MP: 3/8
  4557 | D:3      | Learned a level 3 spell: Tukima's Dance
  5301 | D:4      | Reached skill level 1 in Ice Magic
  5381 | D:5      | Entered Level 5 of the Dungeon
  5566 | D:5      | Reached XP level 6. HP: 41/41 MP: 10/10
  6229 | D:4      | Reached XP level 7. HP: 38/46 MP: 1/12
  7334 | D:5      | Reached XP level 8. HP: 52/52 MP: 9/14
  7685 | D:5      | Learned a level 1 spell: Magic Dart
  8218 | D:6      | Found a staircase to the Ecumenical Temple.
  8231 | Temple   | Entered the Ecumenical Temple
  8430 | Temple   | Became a worshipper of Makhleb the Destroyer
  8573 | D:6      | Reached skill level 1 in Fighting
  8669 | D:6      | Reached skill level 5 in Spellcasting
  8822 | D:6      | Reached skill level 10 in Stealth
  9323 | D:6      | Reached XP level 9. HP: 62/62 MP: 17/17
  9699 | D:7      | Reached skill level 10 in Hexes
  9923 | D:7      | Reached * piety under Makhleb
 10558 | D:7      | Noticed an eight-headed hydra
 11312 | D:7      | Noticed a boulder beetle
 11355 | D:7      | HP: 2/63 [eight-headed hydra (5)]
 11366 | D:7      | Mangled by an eight-headed hydra

Illustrated notes

Levels and vault maps discovered:
D:1:      sevenhm_arrival_forest_fort_small_6, layout_basic
D:2:      layout_loops_ring, hellmonk_ecumenical_altar_crossroads
D:3:      layout_basic, minmay_shallow_snake_nest
D:4:      layout_loops_ring, minmay_unequal
D:5:      layout_loops_corners
D:6:      black_bear_nest_2, layout_gridville, minmay_temple_entry_overgrown
D:7:      cheibrodos_barr_body, layout_loops_ring,
          nicolae_ru_the_path_less_chosen, serial_shops, shop
D:8:      layout_rooms, lair_entry_dummy, biasface_ghost_orc_armoury,
          st_stairs_10
Temple:   minmay_crystal_spiral_temple

Skill      XL: |  1  2  3  4  5  6  7  8  9 |
---------------+----------------------------+-----
Stealth        | 5 6 7 9 10 11 | 11.8
Hexes          | 5 6 7 8 9 11 | 11.0
Dodging        | 3 |  3.0
Ice Magic      | 1 2 3 4 |  4.0
Spellcasting   | 3 4 5 6 |  6.5
Fighting       | 2 3 |  3.0
Short Blades   | |  1.1

Action                   |  1- 3 |  4- 6 |  7- 9 || total
-------------------------+-------+-------+-------++-------
Melee: Dagger            |    89 |   114 |   209 ||   412
       Bite              |     3 |     4 |    19 ||    26
Throw: Dart              |       |       |     7 ||     7
 Cast: Ensorcelled Hiber |    27 |    72 |    76 ||   175
       Tukima's Dance    |       |     8 |    11 ||    19
       Confusing Touch   |       |     2 |    12 ||    14
  Use: Potion            |       |     2 |       ||     2
       Scroll            |       |       |     4 ||     4
 Stab: Sleeping          |    25 |    44 |    60 ||   129
       Distracted        |       |     2 |     2 ||     4
       Confused          |       |     3 |    12 ||    15
Armor: Robe              |    17 |    36 |    15 ||    68
Dodge: Dodged            |    87 |   131 |   102 ||   320
